Map: Romanticide LE

Players

Reynor - Winner!

  • Race: Zerg Zerg

MarineLorD

  • Race: Terran Terran
  • League: Master

Event: DreamHack SC2 Masters 2021 Summer

VOD

Have the link to the VOD?

Description

Time

  • Played on: May 27, 2021, 1:46 p.m.
  • Length: 17:45

All games in this series

Show
View Real Time Build Order
Export as new Build Order

Reynor Zerg - Winner!

Build Orders: Pool First, Lurkers 

Get SALT Encoding   

  12  0:00  Drone  
  13  0:12  Overlord  
  13  0:16  Drone  
  14  0:31  Drone x2  
  16  0:39  Spawning Pool  
  15  0:43  Drone  
  15  0:47  Drone  
  17  1:09  Hatchery  
  16  1:12  Drone  
  17  1:26  Zergling x2  
  17  1:27  Zergling x2  
  17  1:28  Zergling x2  
  17  1:29  Queen  
  22  1:36  Extractor  
  22  1:38  Overlord  
  21  1:49  Drone  
  22  2:00  Drone  
  23  2:05  Queen  
  25  2:10  Drone  
  26  2:21  Drone x2  
  27  2:24  Queen  
  29  2:33  Zergling x2  
  29  2:35  Overlord  
  29  2:36  Drone  
  31  2:37  Drone  
  31  2:38  Drone  
  31  2:42  Metabolic Boost  
  33  2:50  Drone  
  33  2:53  Drone  
  33  2:55  Drone x2  
  37  3:12  Drone  
  37  3:16  Drone  
  37  3:17  Drone  
  37  3:18  Hatchery  
  39  3:20  Drone  
  39  3:25  Overlord  
  39  3:28  Queen  
  39  3:31  Drone  
  39  3:33  Drone  
  43  3:35  Drone  
  44  3:44  Overlord  
  44  3:46  Drone x4  
  48  3:50  Queen  
  48  3:55  Overlord  
  50  3:57  Zergling x2  
  50  3:58  Zergling x2  
  52  4:06  Zergling x2  
  52  4:07  Drone  
  54  4:11  Drone x2  
  54  4:13  Overlord  
  55  4:18  Drone  
  55  4:22  Drone  
  55  4:23  Drone x2  
  55  4:24  Drone  
  58  4:26  Overlord  
  58  4:27  Queen  
  58  4:30  Drone x2  
  58  4:31  Drone  
  63  4:32  Queen  
  65  4:40  Spore Crawler  
  65  4:42  Drone x3  
  65  4:45  Queen  
  69  4:48  Spore Crawler  
  69  4:49  Spore Crawler  
  67  4:53  Zergling x6  
  67  4:56  Drone x2  
  72  5:02  Zergling x2  
  72  5:04  Lair  
  72  5:05  Drone x2  
  75  5:07  Drone x3  
  75  5:11  Queen  
  75  5:13  Overlord  
  80  5:15  Drone x2  
  80  5:19  Extractor  
  80  5:20  Baneling Nest  
  80  5:28  Zergling x6  
  77  5:30  Drone  
  77  5:31  Drone  
  77  5:32  Drone x3  
  77  5:34  Zergling x2  
  77  5:35  Zergling x2  
  81  5:36  Drone, Spore Crawler  
  81  5:41  Drone x2  
  83  5:47  Overlord  
  83  5:51  Drone x2  
  83  5:52  Hatchery, Drone x2  
  83  5:53  Extractor x2  
  83  5:56  Evolution Chamber x2  
  82  6:02  Overseer  
  82  6:07  Centrifical Hooks  
  82  6:09  Drone x4  
  86  6:12  Extractor  
  86  6:14  Drone x3  
  86  6:15  Drone x6  
  94  6:20  Overlord  
  94  6:21  Zergling x2  
  94  6:22  Zergling x6  
  94  6:25  Overlord  
  97  6:33  Overlord  
  97  6:37  Zerg Melee Weapons Level 1, Zerg Ground Armor Level 1  
  97  6:40  Overlord  
  97  6:44  Zergling x14  
  97  6:45  Zergling x4  
  106  6:50  Drone  
  106  6:53  Spore Crawler  
  107  6:54  Zergling x2  
  107  6:59  Baneling  
  107  7:00  Baneling x7  
  109  7:01  Zergling x4  
  109  7:04  Queen  
  109  7:07  Zergling x6  
  114  7:10  Zergling x4  
  114  7:11  Zergling x2  
  114  7:13  Baneling x5  
  117  7:17  Zergling x10, Spore Crawler  
  117  7:18  Zergling x6  
  117  7:21  Zergling x4  
  126  7:25  Overlord  
  126  7:30  Zergling x2  
  126  7:34  Zergling x4  
  126  7:36  Overlord  
  129  7:38  Drone  
  129  7:39  Drone x3  
  129  7:41  Zergling x4  
  129  7:43  Overlord  
  135  7:44  Drone x2, Hatchery  
  135  7:47  Drone x2  
  138  7:53  Drone x3  
  138  7:54  Zergling x6  
  138  7:56  Pneumatized Carapace  
  144  8:03  Zergling x8  
  142  8:07  Zergling x10  
  142  8:11  Baneling x8  
  147  8:14  Drone x2  
  147  8:15  Infestation Pit  
  147  8:16  Zergling x4  
  147  8:17  Extractor, Zergling x8  
  153  8:22  Zergling x10  
  153  8:23  Baneling x3  
  153  8:25  Overlord  
  153  8:27  Zergling x2  
  159  8:32  Zergling x2  
  159  8:33  Queen, Overlord  
  160  8:35  Zergling x6  
  160  8:40  Zergling x4  
  160  8:45  Zergling x6  
  149  8:52  Zergling x10  
  149  8:54  Zergling x4  
  151  9:00  Zerg Ground Armor Level 2, Zerg Melee Weapons Level 2  
  151  9:01  Hive  
  151  9:02  Baneling x11  
  148  9:03  Zergling x4  
  148  9:06  Zergling x8  
  148  9:08  Zergling x2  
  148  9:09  Zergling x4  
  156  9:15  Zergling x4  
  157  9:23  Zergling x4  
  157  9:24  Zergling x8  
  163  9:29  Zergling x4  
  163  9:30  Hatchery, Zergling x4  
  163  9:31  Drone x3  
  168  9:33  Drone x3  
  168  9:34  Hydralisk Den  
  168  9:36  Overlord  
  161  9:48  Drone x5  
  161  9:51  Zergling x16  
  168  9:55  Zergling x2  
  168  9:57  Queen  
  169  10:01  Zergling x2  
  169  10:02  Zergling x10  
  169  10:12  Hydralisk x6, Overlord  
  181  10:17  Lurker Den  
  179  10:27  Overlord  
  179  10:30  Baneling x10  
  179  10:32  Viper x2  
  179  10:34  Drone x5  
  179  10:35  Drone x5, Extractor  
  195  10:36  Extractor, Zergling x2  
  193  10:47  Zergling x18  
  197  10:53  Zergling x4  
  187  11:14  Lurker  
  187  11:15  Lurker x5  
  187  11:16  Seismic Spines  
  187  11:17  Zergling x20  
  199  11:26  Baneling x5  
  199  11:28  Baneling x8  
  199  11:29  Overlord  
  199  11:30  Zerg Missile Weapons Level 1  
  199  11:31  Extractor  
  199  11:32  Drone x2  
  200  11:33  Extractor  
  198  11:42  Overlord  
  198  11:46  Zergling x6  
  200  11:48  Overlord  
  200  11:51  Zergling x6  
  187  12:03  Zergling x24  
  187  12:04  Baneling x15  
  198  12:08  Zergling x2  
  198  12:09  Zergling x2  
  198  12:12  Hydralisk  
  198  12:13  Zergling x12  
  199  12:18  Adaptive Talons, Zergling x2  
  199  12:19  Zergling x8  
  197  12:25  Hydralisk  
  193  12:30  Zergling x8  
  193  12:32  Baneling x10  
  193  12:35  Zergling x8  
  196  12:38  Zergling x2  
  189  12:44  Hydralisk  
  189  12:48  Zergling x8  
  189  12:52  Lurker x2  
  189  12:53  Zergling x2  
  189  12:55  Zergling x6  
  189  12:57  Zergling x2  
  189  12:58  Zergling x4  
  189  13:00  Hydralisk  
  189  13:02  Hydralisk  
  183  13:06  Hydralisk, Zergling x2  
  183  13:09  Zergling x6  
  183  13:11  Zergling x2  
  168  13:15  Hydralisk  
  167  13:20  Zergling x6  
  167  13:22  Queen  
  167  13:23  Zergling x2  
  171  13:27  Zergling x2  
  171  13:28  Zergling x4  
  171  13:29  Zergling x6  
  171  13:32  Zergling x8  
  178  13:36  Zergling x2  
  178  13:37  Spore Crawler x2  
  178  13:38  Zergling x2  
  178  13:39  Hydralisk  
  178  13:40  Zergling x2  
  181  13:41  Hatchery, Zergling x2  
  181  13:48  Zergling x8  
  184  13:53  Zerg Missile Weapons Level 2, Zerg Ground Armor Level 3  
  184  13:54  Zergling x20  
  191  14:02  Zergling x12  
  197  14:04  Lurker x3  
  197  14:06  Zergling x4  
  194  14:12  Zergling x4  
  194  14:16  Extractor  
  196  14:21  Zergling x6  
  196  14:22  Zergling x2  
  199  14:24  Zergling x4  
  199  14:29  Hydralisk  
  199  14:30  Zergling x8  
  188  14:36  Zergling x2  
  188  14:37  Zergling x6  
  192  14:39  Queen  
  192  14:42  Spore Crawler  
  192  14:43  Zergling x2  
  192  14:44  Hatchery, Zergling x2  
  191  14:50  Hydralisk  
  191  14:51  Zergling x8  
  195  14:53  Overseer x2  
  189  15:02  Lurker  
  189  15:03  Zergling x10  
  189  15:04  Zergling x6  
  196  15:07  Zergling x4  
  196  15:11  Hydralisk, Zergling x2  
  197  15:17  Zergling x6  
  196  15:22  Hydralisk  
  196  15:23  Zergling x2  
  196  15:26  Zergling x2  
  186  15:29  Zergling x8  
  186  15:32  Hydralisk, Zergling x4  
  180  15:42  Zergling x6  
  183  15:43  Hydralisk, Zergling x2  
  183  15:44  Zergling x4  
  183  15:45  Lurker x2  
  183  15:46  Zergling x2, Lurker x2  
  183  15:48  Queen  
  190  15:50  Zergling x2  
  190  15:52  Zergling x6  
  190  15:57  Hatchery  
  191  16:01  Zergling x10  
  191  16:02  Hydralisk  
  191  16:03  Zergling x2  
  170  16:07  Zergling x4  
  170  16:08  Zergling x4  
  170  16:10  Zergling x6  
  160  16:11  Zergling x2  
  160  16:12  Zergling x2  
  160  16:15  Hydralisk  
  150  16:22  Hydralisk x2  
  150  16:23  Zergling x4  
  156  16:26  Zergling x6  
  156  16:27  Lurker x3  
  156  16:28  Lurker  
  156  16:29  Zergling x4  
  156  16:32  Zergling x4  
  167  16:36  Zergling x2  
  167  16:39  Zergling x8  
  172  16:42  Lurker  
  172  16:43  Zergling x4  
  175  16:50  Zergling x6  
  175  16:51  Zergling x2  
  175  16:52  Hydralisk  
  175  16:53  Zergling x4  
  175  16:55  Zergling x2  
  175  16:57  Zergling x2  
  175  16:59  Hydralisk  
  175  17:00  Zergling x6  
  182  17:03  Zergling x2  
  182  17:05  Zergling x8  
  186  17:12  Zergling x10  
  186  17:15  Hydralisk, Zergling x2  
  181  17:17  Lurker x3  
  181  17:18  Zergling x2  
  181  17:19  Zergling x8  
  183  17:24  Zergling x2  
  183  17:29  Drone x5  
Show
View Real Time Build Order
Export as new Build Order

MarineLorD Terran 

Build Orders: Reaper Expand, Hellion Banshee 

Get SALT Encoding   

  12  0:00  SCV  
  13  0:12  SCV  
  14  0:17  Supply Depot  
  14  0:24  SCV  
  15  0:38  SCV  
  15  0:39  Barracks  
  16  0:43  Refinery  
  16  0:50  SCV  
  17  1:02  SCV  
  18  1:14  SCV  
  19  1:25  Reaper  
  20  1:26  Orbital Command  
  20  1:39  Command Center  
  20  1:52  SCV  
  20  1:53  Supply Depot  
  21  1:57  Marine  
  22  2:04  SCV  
  23  2:16  Factory  
  23  2:17  SCV  
  23  2:19  Marine  
  25  2:29  SCV  
  26  2:39  Barracks Reactor  
  26  2:41  SCV  
  27  2:46  Command Center  
  27  2:52  Orbital Command  
  27  2:56  Refinery, SCV  
  28  3:08  SCV  
  28  3:11  Starport  
  29  3:19  SCV  
  30  3:21  Hellion  
  30  3:22  Hellion  
  34  3:27  Barracks Tech Lab, SCV  
  34  3:31  SCV  
  36  3:40  SCV  
  37  3:43  SCV, Hellion x2  
  42  3:52  SCV  
  42  3:53  Cloaking Field  
  42  3:55  SCV  
  44  3:57  Banshee  
  44  4:01  Barracks Tech Lab  
  44  4:02  SCV, Supply Depot  
  48  4:04  SCV  
  49  4:10  SCV  
  49  4:11  Hellion  
  49  4:12  Hellion  
  49  4:14  SCV  
  55  4:23  Marine  
  56  4:25  Stimpack  
  56  4:26  SCV x2  
  59  4:31  Orbital Command  
  58  4:38  SCV x2, Supply Depot  
  58  4:45  Banshee  
  60  4:49  Hellion x2  
  67  4:53  SCV  
  67  4:57  SCV, Supply Depot  
  67  4:59  Marine  
  69  5:00  SCV  
  69  5:01  Supply Depot  
  69  5:05  SCV  
  72  5:09  SCV  
  72  5:12  SCV  
  74  5:17  SCV  
  75  5:22  SCV  
  75  5:24  SCV, Barracks  
  75  5:25  Barracks, Supply Depot  
  75  5:27  Factory Reactor  
  70  5:29  SCV  
  70  5:31  Marine  
  70  5:34  SCV  
  71  5:35  Refinery  
  71  5:36  Refinery, SCV  
  71  5:37  Engineering Bay x2  
  71  5:41  SCV  
  73  5:44  Orbital Command  
  73  5:48  Starport Reactor  
  73  5:49  Marine  
  75  5:50  SCV  
  75  5:51  Barracks  
  75  5:52  Barracks  
  75  5:53  SCV  
  76  6:01  Siege Tank  
  76  6:02  SCV  
  80  6:05  SCV  
  80  6:07  Marine  
  80  6:09  Supply Depot  
  80  6:11  SCV, Supply Depot  
  82  6:14  Barracks Reactor, SCV, Supply Depot  
  82  6:15  Marine x2  
  82  6:17  SCV  
  87  6:18  Combat Shield  
  87  6:23  SCV  
  87  6:25  Marine  
  88  6:26  SCV  
  88  6:29  SCV  
  90  6:33  Marine x2, Siege Tank  
  90  6:35  SCV  
  90  6:36  Refinery  
  90  6:38  Refinery, SCV  
  98  6:43  Marine  
  98  6:45  Barracks Reactor x2  
  98  6:46  Terran Infantry Armor Level 1, Terran Infantry Weapons Level 1  
  96  6:50  Marine  
  96  6:51  Marine  
  96  6:53  Supply Depot  
  98  6:54  Medivac x2, Supply Depot  
  102  7:02  Command Center  
  102  7:03  Marine x2  
  102  7:05  Marine  
  105  7:08  Marine  
  105  7:09  Siege Tank  
  105  7:13  SCV x3  
  105  7:14  Marine  
  113  7:21  Marine x2  
  115  7:23  Marine x2  
  115  7:25  SCV x2  
  115  7:26  Medivac x2  
  123  7:31  Marine  
  123  7:32  Marine  
  123  7:33  Marine x3  
  128  7:38  Marine  
  128  7:39  Marine  
  128  7:40  Marine  
  128  7:41  Marine  
  128  7:42  Armory  
  132  7:44  Factory  
  132  7:45  Supply Depot x2  
  132  7:46  Supply Depot  
  132  7:48  Marine  
  132  7:50  Marine x3  
  132  7:51  Marine  
  137  7:56  Marine  
  138  8:05  Marine x3  
  139  8:06  Marine  
  139  8:08  Marine x3  
  139  8:10  Barracks x2  
  143  8:12  Barracks  
  143  8:13  Medivac  
  143  8:16  Marine x2  
  147  8:23  Marine x3  
  147  8:24  Marine  
  147  8:26  Marine x3, Siege Tank  
  157  8:33  Marine  
  157  8:34  Marine  
  150  8:37  SCV  
  150  8:40  Marine x2  
  150  8:41  Marine  
  133  8:42  Marine  
  133  8:44  Marine x3  
  129  8:48  SCV x2  
  129  8:49  SCV, Factory Reactor  
  129  8:51  Marine x2  
  129  8:58  Marine x3  
  129  8:59  SCV  
  129  9:00  SCV x2, Marine  
  129  9:01  SCV, Marine  
  129  9:02  Marine x2  
  137  9:09  Marine x2  
  140  9:18  Marine  
  140  9:19  Planetary Fortress  
  140  9:39  Marine  
  140  9:40  Marine  
  140  9:42  Widow Mine, Marine  
  140  10:06  Marine x3  
  140  10:12  Supply Depot x2  
  140  10:14  SCV, Siege Tank, Marine x3, Supply Depot  
  148  10:21  Marine  
  148  10:29  Supply Depot  
  148  10:30  Supply Depot  
  148  10:31  SCV  
  148  10:32  Terran Infantry Armor Level 2, Terran Infantry Weapons Level 2, Supply Depot  
  148  10:33  Marine x7  
  148  10:34  Widow Mine, SCV x3  
  160  10:39  Marine  
  160  10:40  Marine x3  
  160  10:42  Medivac x2  
  170  10:43  Widow Mine, SCV  
  170  10:46  SCV x3  
  172  10:50  Marine  
  172  10:51  Marine x3  
  172  10:54  Marine x3  
  172  10:55  SCV  
  180  10:58  Widow Mine, Siege Tank  
  180  11:02  Marine x2  
  183  11:08  Widow Mine  
  188  11:16  Medivac x2  
  192  11:20  Widow Mine  
  192  11:21  Barracks Tech Lab x3  
  192  11:23  SCV x2  
  191  11:29  Widow Mine  
  191  11:32  Marauder  
  195  11:33  Marine  
  195  11:44  Widow Mine  
  195  11:45  Marine  
  195  11:53  Marine  
  196  11:55  Marine  
  196  11:58  Marine, Siege Tank  
  196  11:59  Marauder  
  196  12:00  Command Center  
  191  12:10  Orbital Command  
  186  12:22  Marine  
  180  12:23  Marine x4  
  180  12:28  Marine  
  180  12:36  Widow Mine, Marine x2  
  180  12:37  Marine x3, Supply Depot  
  180  12:38  Supply Depot  
  180  12:39  Marine, Supply Depot  
  180  12:42  Marine  
  180  12:43  Marine x2  
  180  12:44  Marine x2, Medivac  
  180  12:54  Marine x2  
  180  12:55  Marine x4, Medivac  
  180  12:57  Marine  
  180  12:59  Widow Mine x2  
  180  13:00  Marine x3  
  180  13:02  Marine x2  
  182  13:11  Marine x2  
  159  13:13  Marine  
  159  13:14  Liberator  
  159  13:15  Marine x4  
  159  13:19  Marauder  
  166  13:21  Widow Mine x2  
  166  13:22  SCV x3  
  166  13:24  Liberator  
  170  13:28  Ghost Academy  
  170  13:31  Terran Infantry Weapons Level 3, Terran Infantry Armor Level 3, Terran Vehicle Weapons Level 1  
  164  13:42  Widow Mine x2  
  164  13:48  Marauder x4  
  174  13:57  Medivac  
  174  14:00  Marine x3  
  179  14:03  Widow Mine x2  
  179  14:07  Medivac  
  179  14:09  Marauder x2  
  177  14:11  Marauder  
  177  14:15  Sensor Tower  
  177  14:16  Refinery, Sensor Tower  
  179  14:17  Missile Turret  
  179  14:23  Marauder  
  180  14:25  Widow Mine  
  180  14:26  Liberator  
  180  14:30  Marauder  
  183  14:33  Planetary Fortress  
  183  14:37  Factory Tech Lab, Liberator, Command Center  
  182  14:51  Ghost  
  182  14:52  Ghost x3  
  190  14:53  Personal Cloaking  
  190  14:56  Refinery  
  190  14:57  Refinery  
  185  15:04  Siege Tank x2  
  188  15:08  Marine x3  
  188  15:09  Marine x2  
  188  15:12  Marine  
  183  15:15  Marine x2  
  183  15:20  Ghost  
  183  15:21  Marauder x2, Marine  
  184  15:26  Marine  
  144  15:37  Widow Mine x2, SCV  
  144  15:39  Marauder  
  144  15:41  Marine x2  
  153  15:43  Marine  
  153  15:45  Marine  
  153  15:47  Marine  
  153  15:48  Marine  
  156  15:51  Marine  
  156  15:58  Siege Tank  
  156  16:00  Marine  
  156  16:03  Marine  
  149  16:05  Marine  
  135  16:11  Siege Tank  
  135  16:17  Marauder, Marine x2  
  135  16:19  Marauder  
  131  16:27  Missile Turret  
  131  16:40  Siege Tank  
  131  16:42  SCV x2  
  136  16:48  Marine  
  136  16:52  Marine  
  133  17:01  Marine  
  134  17:15  Marine  
  122  17:18  Marine  
Tags
 
Add a new tag
Caveats
  • Supply blocks, unpowered buildings, or Contaminate may cause inaccurate times.
  • Supply counts are checked every 10 seconds.